 Dungeon Crawl Stone Soup version 0.17.2 (webtiles) character file.

127 Goblin1989 the Insei (level 4, -1/32 HPs)
             Began as a Demonspawn Transmuter on July 1, 2016.
             Killed from afar by a hobgoblin (9 damage)
             ... with a wand of frost
             ... on level 4 of the Dungeon.
             The game lasted 00:06:24 (3280 turns).

Goblin1989 the Insei (Demonspawn Transmuter)        Turns: 3280, Time: 00:06:25

Health: -1/32      AC:  2    Str: 11    XL:     4   Next: 85%
Magic:  3/7        EV: 11    Int: 14    God:
Gold:   157        SH:  3    Dex: 14    Spells: 2 memorised, 4 levels left

rFire  + . .     SeeInvis .       - Unarmed
rCold  . . .     Clarity  .     b - +0 robe
rNeg   . . .     SustAt   .     j - +0 buckler
rPois  .         Gourm    .     (no helmet)
rElec  .         Spirit   .     (no cloak)
rCorr  .         Warding  .     (no gloves)
rMut   .         Stasis   .     (no boots)
MR     .....                    (no amulet)
Stlth  +.........               v - ring of protection from fire {rF+, !d}
                                p - ring of wizardry {Wiz+, !d}

@: not resistant to hostile enchantments, very unstealthy
A: claws 1, rot immunity
a: no special abilities


You were on level 4 of the Dungeon.
You were hungry.

You visited 1 branch of the dungeon, and saw 4 of its levels.

You collected 157 gold pieces.

Inventory:

Missiles
 a - 62 arrows
 q - 8 javelins (quivered)
 t - 12 arrows of frost
Armour
 b - a +0 robe (worn)
 j - a +0 buckler (worn)
Jewellery
 f - an uncursed ring of wizardry {Wiz+, !d}
 p - a ring of wizardry (left claw) {Wiz+, !d}
 v - a ring of protection from fire (right claw) {rF+, !d}
Scrolls
 c - 2 scrolls of remove curse {unknown}
 g - 4 scrolls of amnesia {unknown}
 h - 3 scrolls of immolation {unknown}
 l - 7 scrolls of identify {unknown}
 n - a scroll of teleportation {unknown}
 o - a scroll of fear {unknown}
 r - 2 scrolls of enchant weapon {unknown}
 u - a scroll of magic mapping {unknown}
Potions
 e - 2 potions of agility {unknown}
 i - a potion of cure mutation {unknown}
 m - a potion of lignification {unknown}
 s - 2 potions of curing
Comestibles
 d - a bread ration
 k - 3 beef jerkies


   Skills:
 - Level 1.0 Fighting
 - Level 1.7 Dodging
 + Level 5.1 Unarmed Combat
 - Level 2.0 Spellcasting
 - Level 1.7 Transmutations


You had 4 spell levels left.
You knew the following spells:

 Your Spells              Type           Power        Failure   Level  Hunger
a - Beastly Appendage     Trmt           #.....       9%          1    ##.....
b - Sticks to Snakes      Trmt           #.........   14%         2    ###....


Dungeon Overview and Level Annotations

Branches:
Dungeon (4/15)
 Temple: D:4-7

Altars:
Nemelex Xobeh
Vehumet


Innate Abilities, Weirdness & Mutations

You have sharp fingernails.
You are immune to rotting.


Message History

The giant gecko skeleton is destroyed!
The hobgoblin zaps a wand.
The puff of frost hits your ball python.
Your ball python dies!
The hobgoblin zaps a wand.
The puff of frost misses you.
The hobgoblin zaps a wand.
The puff of frost misses you.
You barely miss the hobgoblin.
The hobgoblin hits you but does no damage.
You closely miss the hobgoblin.
The hobgoblin hits you but does no damage.
You closely miss the hobgoblin. The hobgoblin closely misses you.
You closely miss the hobgoblin.
The hobgoblin zaps a wand.
The puff of frost hits you!
* * * LOW HITPOINT WARNING * * *
You take 10 damage, and have 8/32 hp.
MASSIVE DAMAGE!!
You scratch the hobgoblin.
The hobgoblin hits you but does no damage.
You scratch the hobgoblin but do no damage.
The hobgoblin zaps a wand.
The puff of frost hits you!
You die...

.<.......# #......###
##....## #...## ####
#....## #.. # #.##..#
#.# ..# #.###.##
###.#...# #.#....##
#####.....#
..#.....###..og@#..##
###.....##..#####.##
..........?.####.o.#
####....#.....#..###
#....#####oZo#####
#....# #o.g....#
#..### #...#...# #.#
#........# ..
#..#._.#.#


You could see an orc and a hobgoblin.

Vanquished Creatures
  A worker ant (D:3)
  A hound skeleton (D:4)
  2 adders (D:3)
  An ooze (D:3)
  2 worms
  2 giant geckos
  4 giant cockroaches
  4 hobgoblins
  5 quokkas
  A ball python (D:2)
  10 bats
  2 giant newts (D:1)
  5 goblins
  8 kobolds
  13 rats
61 creatures vanquished.

Vanquished Creatures (collateral kills)
  A worm (D:2)
  An orc (D:4)
  A giant gecko skeleton (D:4)
3 creatures vanquished.

Grand Total: 64 creatures vanquished

Notes
Turn   | Place    | Note
--------------------------------------------------------------
     0 | D:1      | Goblin1989 the Demonspawn Transmuter began the quest for the Orb.
     0 | D:1      | Reached XP level 1. HP: 15/15 MP: 3/3
   115 | D:1      | Reached skill level 3 in Unarmed Combat
   341 | D:1      | Gained mutation: You have sharp fingernails. [demonic ancestry]
   341 | D:1      | Reached XP level 2. HP: 21/21 MP: 5/5
   445 | D:1      | Learned a level 2 spell: Sticks to Snakes
  1374 | D:2      | Reached XP level 3. HP: 9/26 MP: 0/6
  2025 | D:2      | Reached skill level 4 in Unarmed Combat
  2492 | D:3      | Gained mutation: You are immune to rotting. [demonic ancestry]
  2492 | D:3      | Reached XP level 4. HP: 29/32 MP: 7/7
  2668 | D:3      | Found a sparkling altar of Nemelex Xobeh.
  3226 | D:4      | Found a radiant altar of Vehumet.
  3239 | D:4      | Reached skill level 5 in Unarmed Combat
  3280 | D:4      | Killed from afar by a hobgoblin

Action                   |  1- 3 |  4- 6 || total
-------------------------+-------+-------++-------
Melee: Unarmed           |   140 |    61 ||   201
 Cast: Sticks to Snakes  |     2 |     3 ||     5
  Use: Potion            |       |     1 ||     1
 Stab: Sleeping          |     3 |       ||     3
  Eat: Chunk             |     1 |     1 ||     2
       Meat ration       |     1 |       ||     1
